Map: Blueshift LE

Players

TheWagon

  • Race: Zerg Zerg
  • Spawn Location: 7:00

harstem - Winner!

  • Race: Protoss Protoss
  • Spawn Location: 1:00

Event: WCS Montreal 2018

VOD

Have the link to the VOD?

Description

Time

  • Played on: Sept. 7, 2018, 1:51 p.m.
  • Length: 9:59

All games in this series

Show
View Real Time Build Order
Export as new Build Order

TheWagon Zerg 

Build Orders: Pool First 

Get SALT Encoding   

  12  0:00  Drone  
  13  0:12  Overlord  
  13  0:17  Drone  
  14  0:31  Drone x2  
  14  0:34  Drone  
  17  0:45  Spawning Pool  
  17  0:47  Drone  
  17  0:51  Extractor  
  17  0:56  Drone  
  17  1:17  Drone  
  18  1:20  Drone  
  18  1:23  Hatchery  
  18  1:32  Zergling x2  
  19  1:36  Queen  
  21  1:44  Overlord  
  21  1:51  Drone  
  22  1:54  Metabolic Boost  
  22  2:03  Drone  
  23  2:11  Queen  
  23  2:15  Drone  
  26  2:23  Drone  
  27  2:32  Zergling x2  
  27  2:36  Evolution Chamber  
  27  2:40  Zergling x2  
  28  2:47  Drone x3  
  31  2:57  Queen x2  
  35  2:59  Drone  
  36  3:06  Zerg Melee Weapons Level 1  
  36  3:20  Overlord  
  36  3:30  Hatchery  
  36  3:34  Drone  
  36  3:36  Overlord  
  36  3:37  Overlord  
  37  3:41  Drone x2  
  37  3:47  Overlord  
  38  3:49  Spore Crawler  
  38  3:50  Spore Crawler  
  36  3:55  Drone  
  36  3:56  Drone x2  
  39  4:09  Zergling x12  
  45  4:13  Overlord  
  45  4:24  Drone  
  45  4:25  Drone x2  
  45  4:27  Lair  
  48  4:37  Drone x4  
  50  4:41  Drone  
  51  4:46  Spore Crawler  
  51  4:47  Drone  
  51  4:53  Roach Warren  
  51  4:59  Drone x3  
  51  5:02  Drone  
  51  5:15  Zerg Missile Weapons Level 1  
  51  5:17  Drone x5  
  51  5:18  Drone  
  51  5:19  Drone  
  51  5:20  Drone  
  59  5:22  Drone  
  59  5:23  Drone  
  61  5:32  Zergling x4  
  63  5:44  Overlord  
  63  5:48  Extractor x2  
  63  5:49  Drone x2  
  64  5:50  Drone x2  
  64  5:51  Drone x2, Hydralisk Den  
  64  5:54  Overlord x2  
  65  6:17  Drone  
  64  6:19  Drone x4  
  64  6:20  Drone x2  
  64  6:21  Drone x3  
  64  6:22  Drone, Overlord  
  64  6:23  Extractor  
  64  6:24  Extractor  
  72  6:26  Muscular Augments  
  72  6:31  Roach x4  
  80  6:33  Overlord  
  80  6:45  Extractor  
  79  6:48  Hydralisk x3  
  85  6:54  Hydralisk, Overlord  
  85  6:57  Zergling x6  
  90  7:06  Overlord  
  90  7:07  Hydralisk x3  
  90  7:08  Hydralisk  
  98  7:12  Hatchery  
  97  7:23  Hydralisk x4  
  97  7:24  Hydralisk  
  97  7:25  Overlord  
  107  7:33  Zerg Melee Weapons Level 2  
  107  7:36  Zergling x6  
  110  7:41  Baneling Nest  
  110  7:44  Overlord  
  109  7:45  Drone x6  
  115  7:56  Drone x3  
  118  8:03  Grooved Spines  
  118  8:05  Drone x6  
  123  8:10  Overlord x2  
  123  8:11  Hydralisk x2  
  128  8:13  Overseer  
  128  8:27  Centrifical Hooks  
  128  8:29  Baneling  
  128  8:30  Baneling x8  
  128  8:33  Baneling x3  
  128  8:34  Baneling  
  128  8:36  Hydralisk x4  
  128  8:39  Drone x2  
  136  9:00  Hydralisk x3  
  136  9:02  Zergling x2  
  141  9:03  Zergling x24  
  152  9:14  Extractor, Lurker Den  
  152  9:15  Extractor, Drone x3  
  152  9:16  Drone  
  153  9:17  Drone x3  
  156  9:27  Baneling x8  
  156  9:28  Hydralisk x2, Baneling x6  
  159  9:32  Zergling x2  
  159  9:34  Overlord x2  
Show
View Real Time Build Order
Export as new Build Order

harstem Protoss - Winner!

Build Orders: 1 Gate Expand, Oracle Opening, Archon Immortal 

Get SALT Encoding   

  12  0:00  Probe  
  13  0:13  Probe  
  14  0:18  Pylon  
  14  0:25  Probe  
  15  0:33  Probe  
  15  0:38  Gateway  
  15  0:41  Probe  
  16  0:49  Assimilator  
  17  0:52  Probe  
  19  1:04  Probe  
  19  1:16  Probe  
  20  1:27  Nexus  
  20  1:36  Cybernetics Core  
  20  1:39  Probe  
  21  1:47  Assimilator  
  21  1:52  Probe  
  22  1:54  Pylon  
  22  2:03  Adept  
  22  2:04  Probe  
  25  2:16  Probe  
  25  2:19  Stargate  
  26  2:28  Probe  
  26  2:29  Warp Gate  
  27  2:32  Adept  
  29  2:40  Probe x2  
  31  2:52  Void Ray, Probe x2  
  33  3:04  Probe x2  
  38  3:11  Shield Battery  
  38  3:16  Probe  
  38  3:17  Probe  
  40  3:25  Oracle  
  40  3:28  Probe  
  40  3:29  Pylon  
  40  3:33  Probe  
  45  3:42  Gateway  
  45  3:43  Gateway  
  45  3:44  Probe  
  45  3:47  Probe  
  47  3:53  Oracle  
  47  3:54  Pylon  
  47  3:58  Probe  
  47  4:02  Probe  
  52  4:11  Probe  
  53  4:21  Probe  
  53  4:23  Probe, Assimilator  
  55  4:27  Assimilator  
  55  4:29  Pylon  
  55  4:35  Probe  
  57  4:39  Adept x2  
  57  4:41  Adept  
  57  4:42  Pylon  
  62  4:47  Probe x2  
  64  4:53  Forge  
  64  4:54  Twilight Council  
  64  4:59  Probe  
  65  5:06  Adept x3  
  71  5:09  Protoss Ground Weapons Level 1  
  71  5:10  Charge  
  71  5:19  Probe  
  71  5:20  Pylon  
  72  5:23  Nexus  
  73  5:28  Probe  
  73  5:29  Pylon  
  73  5:32  Probe  
  74  5:40  Probe  
  75  5:44  Probe  
  75  5:47  Robotics Facility  
  76  5:50  Templar Archives  
  76  5:52  Probe  
  76  5:55  Sentry x2  
  76  5:56  Probe  
  82  5:58  Pylon x2  
  82  6:04  Probe  
  82  6:08  Probe  
  84  6:15  Probe  
  84  6:17  Probe  
  85  6:19  Gateway  
  85  6:21  Gateway  
  85  6:23  Probe  
  86  6:25  Probe  
  86  6:31  Probe  
  86  6:32  Gateway  
  88  6:33  Gateway  
  88  6:34  High Templar x3, Probe  
  88  6:36  Psionic Storm  
  88  6:38  Warp Prism  
  98  6:40  Probe  
  98  6:43  Probe  
  98  6:46  Pylon, Protoss Ground Weapons Level 2  
  100  6:49  Probe  
  100  6:51  Pylon  
  101  6:57  Shield Battery  
  101  6:59  Assimilator  
  101  7:00  Probe  
  102  7:01  Probe  
  102  7:03  Assimilator  
  103  7:09  Gateway  
  103  7:14  Pylon  
  103  7:21  Immortal  
  103  7:22  Photon Cannon  
  105  7:26  Zealot  
  105  7:27  Shield Battery  
  107  7:33  High Templar  
  107  7:34  Probe  
  107  7:35  Shield Battery  
  112  7:37  Pylon  
  112  7:41  Zealot x4  
  120  7:46  Pylon  
  118  7:56  Immortal  
  118  7:57  Robotics Facility  
  118  7:58  High Templar  
  118  8:03  Photon Cannon  
  118  8:04  Pylon  
  124  8:12  High Templar x2, Zealot  
  128  8:13  Zealot x2  
  128  8:16  Pylon, Archon  
  134  8:20  Probe  
  134  8:22  Pylon  
  135  8:28  Pylon  
  135  8:30  Immortal  
  135  8:31  Photon Cannon  
  135  8:34  High Templar x2, Immortal  
  135  8:35  Zealot x2  
  135  8:39  Pylon, Archon  
  149  9:02  High Templar x2  
  149  9:09  Archon  
  153  9:11  Warp Prism  
  153  9:13  Observer  
  153  9:14  Zealot x6  
  153  9:15  Archon  
  168  9:34  Zealot x5  
  168  9:35  Zealot x3  
  180  9:51  Archon  
  151  9:54  Zealot x4  
  151  9:55  Zealot x4  
Tags
 
Add a new tag
Caveats
  • Supply blocks, unpowered buildings, or Contaminate may cause inaccurate times.
  • Supply counts are checked every 10 seconds.